 Dungeon Crawl Stone Soup version 0.25.1-2-g60ff931 (webtiles) character file.

Game seed: 12037264251213900761

376281 wrshamilton the Brawler (level 21, -2/219 HPs)
             Began as a Demonspawn Fighter on July 30, 2020.
             Was an Initiate of Gozag.
             Slain by Mennas
             ... wielding a +3 trishula of holy wrath
              (5 damage)
             ... on level 4 of the Vaults on Aug 1, 2020.
             The game lasted 07:46:33 (51732 turns).

wrshamilton the Brawler (Demonspawn Fighter)       Turns: 51732, Time: 07:46:33

Health: -2/219     AC: 24    Str: 20    XL:     21   Next: 80%
Magic:  40/40      EV: 15    Int: 18    God:    Gozag
Gold:   13416      SH:  8    Dex: 18    Spells: 13/21 levels left

rFire    + + .     SeeInvis +     - Unarmed
rCold    + + .     Gourm    .   (no shield)
rNeg     + . .     Faith    .   l - +3 pearl dragon scales of the Lost Tusks {rC+ rN+ MR- Slay+6 Stlth+}
rPois    .         Spirit   .   S - +2 helmet {SInv}
rElec    +         Reflect  .   b - scarf {rC+ rF+}
rCorr    .         Harm     .   (gloves unavailable)
MR       ++...                  i - +0 pair of boots
Stlth    ++........             H - amulet "Memadyam" {RegenMP Fragile rElec MR+}
HPRegen  2.46/turn              I - ring "Yteah" {rF+ MP+9 Int+2 Stlth+}
MPRegen  0.52/turn              h - ring "Seguyquh" {MR+ Dex+5 Stlth+}

@: mighty, silence, marked, hasted, glowing, very quick
A: claws 3, large bone plates 3, clumsy 1, powered by death 3, powered by pain
2, robust 2, screaming 1, strong 1
}: 2/15 runes: decaying, serpentine
a: Renounce Religion


You were on level 4 of the Vaults.
You worshipped Gozag.
Gozag was extremely pleased with you.
You were very hungry.

You visited 7 branches of the dungeon, and saw 36 of its levels.
You visited 1 bazaar.
You also visited: Bailey.

You collected 29889 gold pieces.
You spent 10337 gold pieces at shops.
You paid 6136 gold pieces to Gozag.

Inventory:

Missiles
 e - 9 atropa-tipped darts
 z - 105 poisoned darts
 N - 6 javelins
 Q - 5 silver javelins (quivered)
 W - 5 curare-tipped darts
Armour
 b - a scarf of resistance (worn)
 i - a +0 pair of boots (worn)
 j - the +5 chain mail of Okawaru's Supremacy {rC+ MR+ Int+4}
   (You bought it in a shop on level 13 of the Dungeon)

   It affects your intelligence (+4).
   It protects you from cold.
   It affects your resistance to hostile enchantments.
 l - the +3 pearl dragon scales of the Lost Tusks (worn) {rC+ rN+ MR- Slay+6 Stlth+}
   (You bought it in a shop on level 2 of the Orcish Mines)

   It affects your accuracy and damage with ranged weapons and melee attacks
   (+6).
   It protects you from cold.
   It protects you from negative energy.
   It affects your resistance to hostile enchantments.
   It makes you more stealthy.
 p - the +7 ring mail "Turoi" {rN+ MR+}
   (You bought it in a shop on level 2 of the Snake Pit)

   It protects you from negative energy.
   It affects your resistance to hostile enchantments.
 E - the +1 helmet "Quanki" {rC+++ rCorr MP-9 Dex-5}
   (You acquired it on level 3 of the Snake Pit)

   It affects your dexterity (-5).
   It renders you almost immune to cold.
   It affects your magic capacity (-9).
   It provides partial protection from all sources of acid and corrosion.
 P - the +1 ring mail "Daukoxekk" {-Cast rC++ rN+++ Stlth-}
   (You found it on level 3 of the Vaults)

   It greatly protects you from cold.
   It renders you almost immune to negative energy.
   It prevents spellcasting.
   It makes you less stealthy.
 S - a +2 helmet of see invisible (worn)
Jewellery
 h - the ring "Seguyquh" (right claw) {MR+ Dex+5 Stlth+}
   (You bought it in a shop in a bazaar)

   [ring of stealth]

   It affects your dexterity (+5).
   It affects your resistance to hostile enchantments.
   It makes you more stealthy.
 r - a +4 ring of protection
 v - an uncursed ring of stealth
 w - the ring of the Raven {rC+ Int+3}
   (You found it on level 15 of the Dungeon)

   [ring of protection from cold]

   It affects your intelligence (+3).
   It protects you from cold.
 x - a +4 ring of slaying
 C - an uncursed ring of poison resistance
 H - the amulet "Memadyam" (around neck) {RegenMP Fragile rElec MR+}
   (You bought it in a shop on level 3 of the Lair of Beasts)

   [amulet of magic regeneration]

   It increases your magic regeneration.
   It insulates you from electricity.
   It affects your resistance to hostile enchantments.
   It will be destroyed if unequipped.
 I - the ring "Yteah" (left claw) {rF+ MP+9 Int+2 Stlth+}
   (You bought it in a shop on level 3 of the Lair of Beasts)

   [ring of magical power]

   It affects your intelligence (+2).
   It protects you from fire.
   It affects your magic capacity (+9).
   It makes you more stealthy.
 L - the ring of Greed {rC+ SInv}
   (You found it on level 15 of the Dungeon)

   [ring of see invisible]

   It protects you from cold.
   It lets you see invisible.
Wands
 d - a wand of digging (3)
 k - a wand of polymorph (47)
 n - a wand of paralysis (11)
 A - a wand of acid (11)
 D - a wand of disintegration (32)
 T - a wand of enslavement (7)
 U - a wand of flame (10)
 V - a wand of iceblast (9)
Scrolls
 a - 7 scrolls of blinking
 c - 6 scrolls of magic mapping
 g - 10 scrolls of remove curse
 m - 2 scrolls of enchant weapon
 q - 3 scrolls of fear
 s - 3 scrolls of enchant armour
 u - 9 scrolls of teleportation
 y - 9 scrolls of identify
 G - 2 scrolls of amnesia
 Z - 3 scrolls of fog
Potions
 o - 10 potions of heal wounds
 t - 10 potions of curing
 B - 2 potions of might
 F - a potion of resistance
 J - a potion of haste
 K - a potion of invisibility
 M - a potion of cancellation
Miscellaneous
 O - a phial of floods
 R - a lightning rod (4/4)
 Y - a tin of tremorstones (3/3)
Comestibles
 f - 41 rations


   Skills:
 + Level 20.2 Fighting
   Level 2.5 Short Blades
 - Level 14.0 Armour
 - Level 8.0 Dodging
 - Level 6.1 Stealth
   Level 2.6 Shields
 - Level 20.2 Unarmed Combat
 * Level 0.9 Spellcasting
 - Level 12.8 Translocations
 - Level 14.0 Evocations


You had 13 spell levels left.
You knew the following spells:

 Your Spells              Type           Power        Failure   Level  Hunger
a - Apportation           Tloc           #####.       1%          1    ##.....
b - Lesser Beckoning      Tloc           #####.....   1%          3    ####...
c - Shroud of Golubria    Chrm/Tloc      ###...       5%          2    ###....
d - Blink                 Tloc           N/A          1%          2    ###....

Your spell library contained the following spells:

 Spells                   Type           Power        Failure   Level  Hunger
 Recall                   Summ/Tloc      N/A          11%         3    ####...
 Iskenderun's Mystic Bla  Conj/Tloc      ###.....     34%         4    #####..
 Animate Skeleton         Necr           N/A          45%         1    ##.....
 Beastly Appendage        Tmut           #.....       45%         1    ##.....
 Corona                   Hex            #......      45%         1    ##.....
 Infusion                 Chrm           #...         45%         1    ##.....
 Magic Dart               Conj           #...         45%         1    ##.....
 Pain                     Necr           #...         45%         1    ##.....
 Sandblast                Erth           #.....       45%         1    ##.....
 Shock                    Conj/Air       #...         45%         1    ##.....
 Summon Butterflies       Summ           #.......     45%         1    ##.....
 Summon Small Mammal      Summ           #...         45%         1    ##.....
 Call Imp                 Summ           #.......     61%         2    ###....
 Ensorcelled Hibernation  Hex/Ice        #.....       61%         2    ###....
 Passwall                 Tmut/Erth      #.......     61%         2    ###....
 Searing Ray              Conj           #.....       61%         2    ###....
 Slow                     Hex            #.......     61%         2    ###....
 Song of Slaying          Chrm           #.......     61%         2    ###....
 Sticks to Snakes         Tmut           #.......     61%         2    ###....
 Summon Forest            Summ/Tloc      ###.......   69%         5    ######.
 Call Canine Familiar     Summ           #.......     83%         3    ####...
 Confusing Touch          Hex            #.......     83%         3    ####...
 Conjure Flame            Conj/Fire      #.......     83%         3    ####...
 Dazzling Flash           Conj/Hex       #.....       83%         3    ####...
 Mephitic Cloud           Conj/Pois/Air  #.......     83%         3    ####...
 Ozocubu's Armour         Chrm/Ice       #.......     83%         3    ####...
 Spectral Weapon          Hex/Chrm       #.......     83%         3    ####...
 Spider Form              Tmut/Pois      #.........   83%         3    ####...
 Stone Arrow              Conj/Erth      #.....       83%         3    ####...
 Summon Guardian Golem    Hex/Summ       #.......     83%         3    ####...
 Tukima's Dance           Hex            #.......     83%         3    ####...
 Vampiric Draining        Necr           #.........   83%         3    ####...
 Animate Dead             Necr           N/A          99%         4    #####..
 Fulminant Prism          Conj/Hex       #.........   99%         4    #####..
 Ice Form                 Ice/Tmut       #.......     99%         4    #####..
 Petrify                  Tmut/Erth      #.......     99%         4    #####..
 Summon Ice Beast         Ice/Summ       #.......     99%         4    #####..
 Summon Lightning Spire   Summ/Air       #.......     99%         4    #####..
 Agony                    Necr           #.......     100%        5    ######.
 Alistair's Intoxication  Tmut/Pois      #.......     100%        5    ######.
 Aura of Abjuration       Summ           #.........   100%        5    ######.
 Blade Hands              Tmut           #.........   100%        5    ######.
 Lee's Rapid Deconstruct  Erth           #.........   100%        5    ######.
 Metabolic Englaciation   Hex/Ice        #.........   100%        5    ######.
 Summon Demon             Summ           #.........   100%        5    ######.
 Summon Mana Viper        Hex/Summ       #.......     100%        5    ######.
 Conjure Ball Lightning   Conj/Air       #.........   100%        6    #######
 Freezing Cloud           Conj/Ice/Air   #.........   100%        6    #######
 Invisibility             Hex            #.......     100%        6    #######
 Ozocubu's Refrigeration  Ice            #.........   100%        6    #######
 Shadow Creatures         Summ           N/A          100%        6    #######
 Simulacrum               Ice/Necr       #.........   100%        6    #######
 Summon Hydra             Summ           #.........   100%        7    #######
 Tornado                  Air            #.........   100%        9    #######


Dungeon Overview and Level Annotations

Branches:
Dungeon (15/15)            Temple (1/1) D:4            Lair (6/6) D:11
  Swamp (4/4) Lair:4        Snake (4/4) Lair:3        Slime (0/5) Lair:5
    Orc (2/2) D:10            Elf (0/3) Orc:2        Vaults (4/5) D:13
  Crypt (0/3) Vaults:2     Depths (0/5) D:15         Bailey (visited)

Altars:
Ashenzari
Cheibriados
Dithmenos
Elyvilon
Fedhas
Gozag
Hepliaklqana
Kikubaaqudgha
Makhleb
Nemelex Xobeh
Okawaru
Qazlal
Ru
Sif Muna
Trog
Uskayaw
Vehumet
Wu Jian
Xom
Yredelemnul
Zin
The Shining One
Beogh
Jiyva

Shops:
D:6 :   D:8 *   D:13 [**   Orc:2 ?*[*   Lair:3 =   Lair:6 *   Snake:2 [[
Snake:3 =   Snake:4 (   Vaults:1 !   Vaults:3 (   Vaults:4 [*[[?

Annotations:
Lair:4 exclusion: oklob plant
Snake:4 1 runed translucent door, MackTuesday's ghost, adept MiBe
Orc:2 1 runed translucent door, exclusion: 4 orange crystal statues, Saint Roka
Vaults:4 Mennas


Innate Abilities, Weirdness & Mutations

You have claws for hands.
You are completely covered in large bone plates. (SH +8)
You regenerate a lot of health from kills.
You sometimes gain power by taking damage.
You are very robust. (+20% HP)
You are clumsy. (Dex -2)
You occasionally shout uncontrollably at your foes.
Your muscles are strong. (Str +2)


Message History

Mennas hits you with a +3 trishula of holy wrath!!
You convulse!!
Mennas hits you with a +3 trishula of holy wrath!
You convulse!!
Mennas blocks your attack. Mennas hits you but does no damage. x2
Okay, then.
You feel yourself speed up.
Mennas hits you with a +3 trishula of holy wrath!!
* * * LOW HITPOINT WARNING * * *
You convulse!!
* * * LOW HITPOINT WARNING * * *
You focus on the pain.
You feel mightier all of a sudden. Mennas hits you but does no damage.
Okay, then.
Mennas hits you from afar with a +3 trishula of holy wrath!!
* * * LOW HITPOINT WARNING * * *
You convulse.
You die...
Your body crumbles into a pile of gold.

...#..[# ##############...A
...#...# #....#..#....+ ...#...#
#....#(.#....# ...#...#
#...)#..#....+ ...#...#
#.))##..##...#.... ####...#
#...#....#...#.... ...()..#
#.))'.T..'...#.... ...(...#
#..A#....#...#.... .((....#
#@..##..##...#.... .).(...#
#....#.)#....#.... ....(..#
#....#..#....#.... .....(.#
#....#..#....#....
.....).###################'##....
......)........[.................
...).............................
###).............................
#).....>.......................


You could see Mennas and a deep troll.

Vanquished Creatures
  Mara (Snake:4)
  Bai Suzhen (Snake:4)
  A tentacled monstrosity (Swamp:1)
  Frances (D:12)
  4 sphinxes
  Agnes (D:15)
  2 thorn hunters (Swamp:4)
  A storm dragon (D:15)
  7 nagarajas
  A fire giant (Vaults:4)
  5 frost giants
  An orc warlord (D:10)
  The ghost of Affamaf the Eclecticist, an adept DEWz of Sif Muna (Snake:3)
  2 deep elf sorcerers (Vaults:3)
  5 vault wardens
  12 ironheart preservers
  3 very ugly things (Vaults:1)
  3 stone giants (Vaults:3)
  2 entropy weavers
  2 deep elf demonologists (Vaults:3)
  A deep elf annihilator (Vaults:3)
  2 ettins (Vaults:3)
  Snorg (D:14)
  2 great orbs of eyes
  A fire dragon (Vaults:1)
  6 yaktaur captains
  Fannar (Lair:2)
  12 naga warriors
  2 rakshasas (D:15)
  10 ogre magi
  13 vault guards
  5 ice dragons
  A catoblepas (Lair:2)
  18 hydras
  2 shambling mangroves (Swamp:2)
  2 ghost crabs
  20 anacondas
  Erica (D:9)
  21 alligators
  10 centaur warriors
  2 death knights
  23 death yaks
  3 deep troll shamans
  22 two-headed ogres
  11 naga sharpshooters
  11 shock serpents
  A vampire mage (Vaults:2)
  2 tengu warriors (D:15)
  2 shadow wraiths
  Nergalle (Lair:2)
  8 deep elf knights
  9 salamander mystics
  12 skeletal warriors
  A fire crab (Lair:5)
  A glowing orange brain (Vaults:3)
  6 unseen horrors
  A swamp dragon (Swamp:1)
  4 deep trolls
  4 spriggan druids
  A flayed ghost (Vaults:3)
  7 naga ritualists
  4 lindwurms (Snake:4)
  8 orc knights
  A wolf spider zombie (D:15)
  11 ironbrand convokers
  7 wizards
  7 deep elf archers
  A phantasmal warrior (Vaults:4)
  14 deep elf magi
  5 wolf spiders
  An orb spider (D:11)
  35 ugly things
  13 orc sorcerers
  8 mana vipers
  17 salamanders
  5 cyclopes
  4 manticores
  11 elephants (Lair:6)
  41 black mambas
  7 guardian serpents
  30 naga magi
  8 vault sentinels
  A torpor snail (Lair:5)
  2 gargoyles
  Maggie (Lair:1)
  2 centaur skeletons (D:13)
  28 spiny frogs
  27 yaktaurs
  4 rime drakes
  2 ice devils (Lair:5)
  6 komodo dragons
  8 freezing wraiths
  A merfolk (shapeshifter) (Vaults:2)
  A jumping spider (shapeshifter) (D:13)
  9 meliai
  4 tengu conjurers
  A troll (shapeshifter) (Vaults:4)
  7 tyrant leeches
  A queen bee (Lair:6)
  5 trolls
  A jumping spider (Vaults:3)
  A polar bear (Lair:6)
  11 hornets
  8 hippogriffs
  23 blink frogs
  A hornet (shapeshifter) (Vaults:3)
  Grinder (D:6)
  11 bog bodies
  13 slime creatures
  A hippogriff (shapeshifter) (Vaults:4)
  A centaur simulacrum (D:15)
  6 redbacks
  5 shadows
  15 wyverns
  10 spriggans
  3 vampires (Vaults:2)
  26 yaks
  A tarantella (shapeshifter) (Vaults:3)
  4 wraiths
  2 basilisks (D:15)
  24 vampire mosquitoes
  7 swamp worm simulacra (Swamp:4)
  6 insubstantial wisps (Swamp:2)
  A warg (shapeshifter) (D:15)
  15 wargs
  17 swamp worms
  49 nagas
  A soldier ant (D:13)
  A soldier ant (shapeshifter) (D:14)
  17 hydra simulacra (Swamp:4)
  24 water moccasins
  7 porcupines
  4 floating eyes (D:15)
  38 orc warriors
  6 swamp drakes
  5 sky beasts
  3 black bears
  4 ice beasts
  A phantom (D:8)
  A necrophage (D:7)
  A wolf (shapeshifter) (D:15)
  32 ogres
  A tengu (shapeshifter) (D:15)
  9 wolves
  2 eyes of draining
  8 boggarts
  26 centaurs
  17 crocodiles
  7 big kobolds
  23 bullfrogs
  A wyvern zombie (D:12)
  6 scorpions
  23 killer bees
  3 electric eels
  6 howler monkeys
  6 crimson imps
  A bullfrog zombie (D:9)
  4 centaur zombies
  A quasit (D:13)
  3 bullfrog skeletons
  A jelly (D:8)
  16 orc priests
  7 hounds
  7 iguanas
  43 orc wizards
  11 worker ants
  2 killer bee zombies (D:7)
  A hound zombie (D:6)
  A howler monkey zombie (D:9)
  A worker ant zombie (D:7)
  15 adders
  4 shadow imps
  A swamp drake simulacrum (Swamp:4)
  A worm (D:2)
  2 dart slugs
  4 leopard geckos
  150 orcs
  4 ball pythons
  5 giant cockroaches
  3 goblins
  3 hobgoblins
  8 jackals
  31 kobolds
  5 quokkas
  3 bats
  3 frilled lizards
  A leopard gecko skeleton (D:8)
  3 rats
  3 fungi (Lair:6)
  6 plants
1567 creatures vanquished.

Vanquished Creatures (collateral kills)
  A spriggan (Swamp:1)
  A hornet (Swamp:1)
2 creatures vanquished.

Vanquished Creatures (others)
  2 alligators (Swamp:4)
  A swamp dragon (Swamp:2)
  A wizard (Vaults:1)
  A spiny frog (Swamp:4)
  A bog body (Swamp:4)
  An orc warrior (Vaults:3)
  2 orcs
  A bush (Lair:2)
  29 fungi
  42 plants
81 creatures vanquished.

Grand Total: 1650 creatures vanquished

Notes
Turn   | Place    | Note
-------+----------+-------------------------------------------
     0 | D:1      | wrshamilton the Demonspawn Fighter began the quest for the
                  | Orb.
     0 | D:1      | Reached XP level 1. HP: 18/18 MP: 1/1
   143 | D:1      | Gained mutation: You have sharp fingernails. [demonic
                  | ancestry]
   143 | D:1      | Reached XP level 2. HP: 24/24 MP: 2/2
   489 | D:1      | Reached skill level 1 in Unarmed Combat
  1016 | D:2      | Found a faded altar of an unknown god.
  1019 | D:2      | Became a worshipper of Gozag Ym Sagoz the Greedy
  1046 | D:2      | Gained mutation: You regenerate a little health from kills.
                  | [demonic ancestry]
  1046 | D:2      | Reached XP level 3. HP: 16/29 MP: 3/3
  1438 | D:2      | Found a shattered altar of Ashenzari.
  2672 | D:4      | Noticed an ogre
  2723 | D:4      | Got a black opal-encrusted chain mail
  2863 | D:4      | Gained mutation: You have very sharp fingernails. [demonic
                  | ancestry]
  2863 | D:4      | Reached XP level 4. HP: 34/35 MP: 4/4
  2927 | D:4      | Killed an ogre
  2927 | D:4      | Reached XP level 5. HP: 26/41 MP: 5/5
  3119 | D:4      | Identified the +7 chain mail of Voguuch {SInv} (You found
                  | it on level 4 of the Dungeon)
  3134 | D:4      | Gained mutation: You occasionally shout uncontrollably at
                  | your foes. [potion of mutation]
  3134 | D:4      | Gained mutation: You are clumsy. (Dex -2) [potion of
                  | mutation]
  3134 | D:4      | Gained mutation: Your muscles are strong. (Str +2) [potion
                  | of mutation]
  3299 | D:4      | Found a staircase to the Ecumenical Temple.
  3305 | Temple   | Entered the Ecumenical Temple
  3515 | D:5      | Entered Level 5 of the Dungeon
  3600 | D:5      | Reached skill level 5 in Unarmed Combat
  3600 | D:5      | Gained mutation: You sometimes gain a little power by
                  | taking damage. [demonic ancestry]
  3600 | D:5      | Reached XP level 6. HP: 44/47 MP: 6/6
  4254 | D:5      | Gained mutation: You sometimes gain power by taking damage.
                  | [demonic ancestry]
  4254 | D:5      | Reached XP level 7. HP: 49/52 MP: 7/7
  4260 | D:5      | Found a glowing golden altar of the Shining One.
  4999 | D:6      | Found Wageeteg's Book Shop.
  5032 | D:6      | Noticed Grinder
  5039 | D:6      | Killed Grinder
  5065 | D:6      | Gained mutation: You are partially covered in large bone
                  | plates. (SH +4) [demonic ancestry]
  5065 | D:6      | Reached XP level 8. HP: 58/58 MP: 8/8
  5253 | D:6      | Got an iridescent quarterstaff
  5263 | D:6      | Identified the cursed +2 quarterstaff "Potwoysh" {elec,
                  | rElec MP+9} (You found it on level 6 of the Dungeon)
  5381 | D:6      | Found a hide-covered altar of Uskayaw.
  5693 | D:6      | Got a steaming diamond amulet
  5695 | D:6      | Identified the amulet of Generosity {Inacc Str+5} (You
                  | found it on level 6 of the Dungeon)
  5796 | D:6      | Found a stormy altar of Qazlal.
  5852 | D:7      | Found a snail-covered altar of Cheibriados.
  6322 | D:6      | Reached skill level 10 in Unarmed Combat
  6558 | D:7      | Gained mutation: You are mostly covered in large bone
                  | plates. (SH +6) [demonic ancestry]
  6558 | D:7      | Reached XP level 9. HP: 45/63 MP: 9/9
  7058 | D:7      | Found a shattered altar of Ashenzari.
  7136 | D:7      | Found an ancient bone altar of Kikubaaqudgha.
  7327 | D:8      | Found a flagged portal.
  7409 | Bailey   | Entered a bailey
  7680 | Bailey   | Reached skill level 5 in Armour
  7873 | Bailey   | Reached skill level 1 in Evocations
  8206 | Bailey   | Gained mutation: You have claws for hands. [demonic
                  | ancestry]
  8206 | Bailey   | Reached XP level 10. HP: 70/70 MP: 10/10
  9152 | D:8      | Found an ornate altar of the Wu Jian Council.
  9216 | D:8      | Found Qajuudam's Elemental Accessories.
  9692 | D:8      | Found a hazy altar of Hepliaklqana.
 10033 | D:9      | Reached skill level 5 in Fighting
 10241 | D:9      | Found a sacrificial altar of Ru.
 10361 | D:9      | Found a blossoming altar of Fedhas.
 10503 | D:9      | Noticed Erica
 10541 | D:9      | Killed Erica
 10556 | D:9      | Gained mutation: You regenerate health from kills. [demonic
                  | ancestry]
 10556 | D:9      | Reached XP level 11. HP: 93/93 MP: 11/11
 10706 | D:9      | Found a sparkling altar of Nemelex Xobeh.
 10706 | D:9      | Noticed a deep elf mage
 10706 | D:9      | Noticed a deep elf mage
 10732 | D:10     | Entered Level 10 of the Dungeon
 10904 | D:10     | Identified the Tome of the Fetching Birds
 11223 | D:10     | Found a staircase to the Orcish Mines.
 11311 | D:10     | Reached XP level 12. HP: 101/101 MP: 12/12
 11822 | D:10     | Found an ancient bone altar of Kikubaaqudgha.
 12238 | D:11     | Found a staircase to the Lair.
 12250 | Lair:1   | Entered Level 1 of the Lair of Beasts
 12654 | Lair:1   | Noticed Maggie
 12668 | Lair:1   | Killed Maggie
 13025 | Lair:2   | Noticed Nergalle
 13032 | Lair:2   | Killed Nergalle
 13032 | Lair:2   | Reached skill level 15 in Unarmed Combat
 13406 | Lair:2   | You fall into a shaft and drop 1 floor!
 13454 | Lair:2   | Noticed a catoblepas
 13626 | Lair:2   | Killed a catoblepas
 13881 | Lair:2   | Noticed a death yak
 13881 | Lair:2   | Noticed a death yak
 13881 | Lair:2   | Noticed a death yak
 13907 | Lair:2   | Killed a death yak
 13918 | Lair:2   | Noticed a death yak
 13919 | Lair:2   | Killed a death yak
 13922 | Lair:2   | Noticed a death yak
 13928 | Lair:2   | Noticed Fannar
 14211 | Lair:1   | Killed a death yak
 14225 | Lair:1   | Killed a death yak
 14345 | Lair:2   | Killed Fannar
 14345 | Lair:2   | Reached XP level 13. HP: 108/111 MP: 14/14
 14887 | Lair:3   | Bought the amulet "Memadyam" {RegenMP Fragile rElec MR+}
                  | for 616 gold pieces
 14887 | Lair:3   | Bought the ring "Yteah" {rF+ MP+9 Int+2 Stlth+} for 574
                  | gold pieces
 14887 | Lair:3   | Bought a cursed amulet of inaccuracy for 28 gold pieces
 14887 | Lair:3   | Bought a cursed ring of teleportation for 63 gold pieces
 14927 | Lair:3   | Found a staircase to the Snake Pit.
 16543 | Lair:4   | Found a staircase to the Swamp.
 17001 | Lair:5   | Found a viscous altar of Jiyva.
 17002 | Lair:5   | Found a staircase to the Slime Pits.
 18200 | D:11     | Noticed Sonja
 18206 | D:11     | Noticed Sonja
 18206 | D:11     | Sonja changed into Sonja the orb spider
 19359 | D:12     | Noticed Frances
 19398 | D:13     | Identified a scroll of acquirement
 19399 | D:13     | Acquired 5470 gold pieces
 19403 | D:13     | Bought the +5 chain mail of Okawaru's Supremacy {rC+ MR+
                  | Int+4} for 862 gold pieces
 19403 | D:13     | Bought a phial of floods for 600 gold pieces
 19415 | D:13     | Bought a lightning rod (4/4) for 520 gold pieces
 19415 | D:13     | Bought a ration for 65 gold pieces
 19417 | D:13     | Bought a +0 helmet of see invisible for 172 gold pieces
 19417 | D:13     | Bought the +4 plate armour of Utauf {rElec Slay+2 SInv} for
                  | 1044 gold pieces
 19462 | D:13     | Reached skill level 5 in Evocations
 19739 | D:11     | Killed Sonja the orb spider
 20090 | Orc:1    | Entered Level 1 of the Orcish Mines
 20090 | Orc:1    | Noticed an orc warlord
 20395 | D:10     | Reached XP level 14. HP: 72/118 MP: 18/18
 20697 | D:10     | Killed an orc warlord
 21193 | Orc:1    | Found a roughly hewn altar of Beogh.
 21329 | Orc:2    | Entered Level 2 of the Orcish Mines
 21539 | Orc:2    | Found Naprunlock's Assorted Antiques.
 21539 | Orc:2    | Found Felikh's Magic Scroll Shop.
 21546 | Orc:2    | Bought a scroll of teleportation for 90 gold pieces
 21546 | Orc:2    | Bought a scroll labeled DIHUIN RYIZ ETZ for 30 gold pieces
 21546 | Orc:2    | Bought a scroll labeled AZEWNA ISYRR for 30 gold pieces
 21546 | Orc:2    | Bought a scroll of teleportation for 90 gold pieces
 21546 | Orc:2    | Bought a marble ring for 150 gold pieces
 21555 | Orc:2    | Bought a scroll of fog for 32 gold pieces
 21555 | Orc:2    | Bought a scroll of fear for 56 gold pieces
 21555 | Orc:2    | Bought a scroll of noise for 16 gold pieces
 21641 | Orc:2    | Found a roughly hewn altar of Beogh.
 21745 | Orc:2    | Found Itaoteg's General Store.
 21745 | Orc:2    | Found Nuoro's Armour Shop.
 21789 | Orc:2    | Bought the +3 pearl dragon scales of the Lost Tusks {rC+
                  | rN+ MR- Slay+6 Stlth+} for 1604 gold pieces
 21865 | Orc:2    | Found a staircase to the Elven Halls.
 22034 | Orc:2    | Found a runed translucent door.
 22038 | Orc:2    | Found the +10 tower shield of Ignorance {rN+ Int-4}
 22054 | Orc:2    | Found a runed translucent door.
 22380 | Orc:2    | Noticed Saint Roka
 23851 | Lair:6   | Entered Level 6 of the Lair of Beasts
 24463 | Lair:6   | Reached XP level 15. HP: 122/123 MP: 20/20
 25703 | Lair:6   | Bought a potion of curing for 42 gold pieces
 25703 | Lair:6   | Bought the +2 cloak of the Thief {+Fog Slay-2 SInv Stlth+}
                  | for 281 gold pieces
 25703 | Lair:6   | Found the +2 cloak of the Thief {+Fog Slay-2 SInv Stlth+}
 25703 | Lair:6   | Bought a ration for 70 gold pieces
 25703 | Lair:6   | Bought a ration for 70 gold pieces
 25798 | Swamp:1  | Entered Level 1 of the Swamp
 25991 | D:12     | Killed Frances
 26543 | D:13     | Got a scorched rapier
 26598 | D:13     | Found a gate to the Vaults.
 27384 | D:14     | Identified the +4 rapier of Fatigue {venom, rN+++ MP-9
                  | Dex+6 SInv} (You found it on level 13 of the Dungeon)
 27410 | D:14     | Noticed Snorg
 27419 | D:14     | Killed Snorg
 27419 | D:14     | Reached skill level 10 in Evocations
 27956 | D:14     | Reached XP level 16. HP: 130/130 MP: 23/23
 28419 | D:15     | Entered Level 15 of the Dungeon
 28458 | D:15     | Paralysed by a floating eye for 4 turns
 29160 | D:15     | Paralysed by a floating eye for 4 turns
 29210 | D:15     | Reached skill level 10 in Armour
 29290 | D:15     | Found a hazy altar of Hepliaklqana.
 29349 | D:15     | Noticed Agnes
 29553 | D:15     | Got a slimy brass ring
 29558 | D:15     | Identified the ring of Greed {rC+ SInv} (You found it on
                  | level 15 of the Dungeon)
 29595 | D:15     | Found an ornate altar of the Wu Jian Council.
 29626 | D:15     | Noticed a storm dragon
 29635 | D:15     | Killed a storm dragon
 29956 | D:15     | Paralysed by a floating eye for 3 turns
 30007 | D:15     | Killed Agnes
 30014 | D:15     | Got a brightly glowing marble ring
 30016 | D:15     | Identified the ring of the Raven {rC+ Int+3} (You found it
                  | on level 15 of the Dungeon)
 30358 | D:15     | Found a hazy altar of Hepliaklqana.
 30460 | D:15     | Identified the ring "Saazir" {*Tele Int+3 Stlth-}
 30503 | D:15     | Found a staircase to the Depths.
 31183 | Swamp:1  | Got a translucent quarterstaff
 31703 | Swamp:1  | Got a slimy rapier
 31826 | Swamp:1  | Noticed a tentacled monstrosity
 31839 | Swamp:1  | Killed a tentacled monstrosity
 31839 | Swamp:1  | Gained mutation: You are robust. (+10% HP) [demonic
                  | ancestry]
 31839 | Swamp:1  | Reached XP level 17. HP: 98/149 MP: 26/26
 32051 | Swamp:1  | Got an ancient hand axe
 32562 | Swamp:2  | Identified the +3 quarterstaff of Quonuusm {vorpal, rF+ rN+
                  | Int+4} (You found it on level 1 of the Swamp)
 32563 | Swamp:2  | Identified the cursed +2 rapier "Goblinslayer" {vorpal,
                  | Str-3 Dex+6} (You found it on level 1 of the Swamp)
 32565 | Swamp:2  | Identified the +9 hand axe "Anusuh" {freeze, +Blink} (You
                  | found it on level 1 of the Swamp)
 32990 | Swamp:2  | Acquired 2580 gold pieces
 32992 | Swamp:2  | Acquired a manual of Translocations
 32994 | Swamp:2  | Acquired an uncursed ring of resist corrosion
 33378 | Swamp:3  | Learned a level 1 spell: Apportation
 33378 | Swamp:3  | Reached skill level 5 in Translocations
 33378 | Swamp:3  | Reached XP level 18. HP: 157/157 MP: 27/27
 33409 | Swamp:3  | Learned a level 3 spell: Lesser Beckoning
 33412 | Swamp:3  | Learned a level 2 spell: Shroud of Golubria
 34307 | Swamp:4  | Entered Level 4 of the Swamp
 36438 | Swamp:4  | Got a decaying rune of Zot
 36617 | Snake:1  | Entered Level 1 of the Snake Pit
 37203 | Snake:1  | Found a flickering gateway to a bazaar.
 37213 | Bazaar   | Entered a bazaar
 37213 | Bazaar   | Found Irhown's Weapon Shop.
 37213 | Bazaar   | Found Witoit's Book Boutique.
 37213 | Bazaar   | Found Kina's Jewellery Boutique.
 37213 | Bazaar   | Found Rongikh's Antique Weapon Boutique.
 37213 | Bazaar   | Found Heesit's Food Boutique.
 37213 | Bazaar   | Found Qeycethu's Antique Armour Shop.
 37241 | Bazaar   | Bought a ration for 45 gold pieces
 37241 | Bazaar   | Bought a ration for 45 gold pieces
 37241 | Bazaar   | Bought a ration for 45 gold pieces
 37241 | Bazaar   | Bought a ration for 45 gold pieces
 37241 | Bazaar   | Bought a ration for 45 gold pieces
 37241 | Bazaar   | Bought a ration for 45 gold pieces
 37241 | Bazaar   | Bought a ration for 45 gold pieces
 37241 | Bazaar   | Bought a ration for 45 gold pieces
 37241 | Bazaar   | Bought a ration for 45 gold pieces
 37241 | Bazaar   | Bought a ration for 45 gold pieces
 37245 | Bazaar   | Bought a book of Minor Magic for 300 gold pieces
 37250 | Bazaar   | Learned a level 2 spell: Blink
 37260 | Bazaar   | Bought the ring "Seguyquh" {MR+ Dex+5 Stlth+} for 609 gold
                  | pieces
 37279 | Bazaar   | Bought a heavily runed chain mail for 228 gold pieces
 37290 | Snake:1  | Identified the +6 chain mail of Shadows and Fog {Harm Int+3
                  | Dex-2} (You bought it in a shop in a bazaar)
 37581 | Snake:1  | Found a runed translucent gate.
 37581 | Snake:1  | Found a runed translucent gate.
 37581 | Snake:1  | Found a runed translucent gate.
 37851 | Snake:1  | Gained mutation: You regenerate a lot of health from kills.
                  | [demonic ancestry]
 37851 | Snake:1  | Reached XP level 19. HP: 114/166 MP: 29/29
 38042 | Snake:2  | Reached skill level 5 in Dodging
 38079 | Snake:2  | Acquired 500 gold pieces
 38108 | Snake:2  | Found Ruyj's Antique Armour Boutique.
 38206 | Snake:2  | Bought a jewelled scale mail for 243 gold pieces
 38206 | Snake:2  | Identified the +4 scale mail "Pysimnah" {*Slow Dex+6} (You
                  | bought it in a shop on level 2 of the Snake Pit)
 39006 | Snake:2  | Found Kais's Antique Armour Boutique.
 39022 | Snake:2  | Bought an encrusted scale mail for 351 gold pieces
 39022 | Snake:2  | Bought a faintly glowing ring mail for 351 gold pieces
 39022 | Snake:2  | Bought a glimmering leather armour for 273 gold pieces
 39022 | Snake:2  | Identified the cursed +0 scale mail of Hangman {Int+4} (You
                  | bought it in a shop on level 2 of the Snake Pit)
 39023 | Snake:2  | Identified the +7 ring mail "Turoi" {rN+ MR+} (You bought
                  | it in a shop on level 2 of the Snake Pit)
 39024 | Snake:2  | Identified the +1 leather armour "Rooleduk" {Str+3 Dex-5
                  | SInv} (You bought it in a shop on level 2 of the Snake Pit)
 39709 | Snake:3  | Found Puisk's Jewellery Emporium.
 40492 | Snake:3  | Found a runed translucent gate.
 40492 | Snake:3  | Found a runed translucent gate.
 40493 | Snake:3  | Found a runed translucent gate.
 40495 | Snake:3  | Noticed Affamaf's ghost (adept DEWz)
 40514 | Snake:3  | Killed Affamaf's ghost
 40536 | Snake:3  | Acquired 1090 gold pieces
 40540 | Snake:3  | Acquired the +1 helmet "Quanki" {rC+++ rCorr MP-9 Dex-5}
 40603 | Snake:4  | Entered Level 4 of the Snake Pit
 41249 | Snake:4  | Noticed Bai Suzhen
 41309 | Snake:4  | Killed Bai Suzhen
 41309 | Snake:4  | Reached skill level 15 in Fighting
 41313 | Snake:4  | Noticed Mara
 42366 | Snake:4  | Noticed wrshamilton's illusion
 42730 | Snake:4  | Found Qagolir's Weapon Boutique.
 43052 | Snake:4  | Found a runed translucent door.
 43052 | Snake:4  | Noticed MackTuesday's ghost (adept MiBe)
 43092 | Snake:4  | Found a glowing golden altar of the Shining One.
 43334 | Snake:4  | Killed Mara
 44207 | Snake:4  | Gained mutation: You are completely covered in large bone
                  | plates. (SH +8) [demonic ancestry]
 44207 | Snake:4  | Reached XP level 20. HP: 149/180 MP: 30/30
 44755 | Snake:4  | Reached skill level 10 in Translocations
 45039 | Snake:4  | Got a serpentine rune of Zot
 45412 | Vaults:1 | Entered Level 1 of the Vaults
 46170 | Vaults:1 | Found Archucv Maqa's Distillery.
 46178 | Vaults:1 | Bought a potion of cancellation for 120 gold pieces
 46178 | Vaults:1 | Bought a potion of heal wounds for 75 gold pieces
 46181 | Vaults:1 | Paralysed by a great orb of eyes for 5 turns
 46869 | Vaults:2 | Got a crystal dagger
 46875 | Vaults:2 | Identified the +0 dagger of Xom's Whim {vorpal, +Rage
                  | Int+8} (You found it on level 2 of the Vaults)
 47850 | Vaults:2 | Found a staircase to the Crypt.
 47983 | Vaults:2 | Acquired 600 gold pieces
 48597 | Vaults:3 | Found Asie's Weapon Emporium.
 48833 | Vaults:3 | Gained mutation: You are very robust. (+20% HP) [demonic
                  | ancestry]
 48833 | Vaults:3 | Reached XP level 21. HP: 189/213 MP: 31/31
 49285 | Vaults:3 | Reached skill level 1 in Stealth
 49708 | Vaults:3 | Got a pitted ring mail
 49714 | Vaults:3 | Identified the +1 ring mail "Daukoxekk" {-Cast rC++ rN+++
                  | Stlth-} (You found it on level 3 of the Vaults)
 50567 | Vaults:4 | Found Lupsua's Antique Armour Boutique.
 50630 | Vaults:4 | Found Difaat's Antique Armour Emporium.
 50650 | Vaults:4 | Reached skill level 5 in Stealth
 50740 | Vaults:4 | Noticed Mennas
 51063 | Vaults:4 | Bought a shiny helmet for 127 gold pieces
 51095 | Vaults:4 | Found Kadef's Armour Emporium.
 51276 | Vaults:4 | Found Niwol's Assorted Antiques.
 51630 | Vaults:4 | Found Hachuy's Magic Scroll Shop.
 51638 | Vaults:4 | Bought a scroll of silence for 105 gold pieces
 51732 | Vaults:4 | HP: 3/219 [Mennas/+3 trishula of holy wrath (24)]
 51732 | Vaults:4 | Slain by Mennas

Illustrated notes

Levels and vault maps discovered:
D:1:      wander_arrival_desolate, layout_basic
D:2:      layout_loops_ring, ashenzari_altar_1, chequers_ecumenical_altar_grove
D:3:      layout_loops_ring
D:4:      layout_rooms, minmay_temple_entry_enclosed_plants
D:5:      layout_loops_ring, tso_oasis_becter, first_ration
D:6:      layout_loops_corners, kennysheep_mini, eat_drink_and_be_merry_uskayaw,
          serial_shops, shop, uniq_grinder
D:7:      layout_rooms, lemuel_round_altar, cheibriados_altar_1, basic_altar,
          the_bakery, st_stairs_2, hangedman_abyss_or_decor_stabs
D:8:      layout_loops_ring, marbit_many_paths, enter_bailey_8, basic_altar,
          nicolae_elemental_shop
D:9:      layout_long_grid, kennysheep_little_box, lemuel_doored_altar,
          david_defended_altar_elf, uniq_erica
D:10:     layout_basic, david_orc_2, basic_altar
D:11:     layout_gridville, grunt_lair_entry_orc_guard_hut, uniq_sonja
D:12:     layout_rooms, uniq_frances
D:13:     layout_irregular_city, lightli_vaults_fourway_checkpoint
D:14:     layout_long_grid, serial_park_gazebo [serial_park_minivault_5x5_4],
          uniq_snorg
D:15:     hangedman_spin_cycle, uniq_agnes
Temple:   cyrus_circular_temple
Lair:1:   layout_regular_city, uniq_maggie
Lair:2:   layout_cave_pods, minmay_holes, grunt_forest_small_clearings,
          serial_bayou_shore_b, uniq_nergalle, uniq_fannar
Lair:3:   layout_small_grid, minmay_snake_entry_guardpost_small,
          grunt_megastairs_2, lemuel_fruit_fields
Lair:4:   minmay_lair_oklob_tunnel, layout_regular_city,
          skrybe_swamp_entry_bodies
Lair:5:   layout_loops_ring, slime_altar_1, portal_ice_cave_demonic_guard,
          grunt_megastairs_1, lemuel_fruit_fields, serial_bayou_shore_a
Lair:6:   hangedman_lair_tendril_chambers, layout_loops_ring, special_room
          [special_room_bee], chequers_serial_rivers_room_a,
          minmay_stone_trees_small, serial_bayou_crossing
Swamp:1:  cheibrodos_swamp_monstrosity, layout_falls_marsh,
          evilmike_swamp_ruin_house_2, swamp_pool4
Swamp:2:  layout_basic_swamp, evilmike_swamp_ruin_house_5, swamp_pool3,
          nicolae_swamp_trees_clearing, grunt_hermit_hut,
          infiniplex_staircase_pool
Swamp:3:  layout_basic_swamp, nicolae_swamp_round_clearing, swamp_pool1
Swamp:4:  swamp_icy, layout_basic_swamp
Snake:1:  layout_rooms, serial_shops, bzr_in_the_mist,
          nicolae_snake_horde_hoard, serial_bayou_shore_b, lemuel_fruit_tree
Snake:2:  layout_rooms, serial_shops, shop, shop
Snake:3:  layout_cave_town, ebering_ghost_rock_garden,
          minmay_shop_enchanted_jewellery, grunt_ministairs_15, st_stairs_13,
          nicolae_snake_linked_coils
Snake:4:  snake_pit_salamanders_mu, layout_grid_shapes,
          ebering_ghost_inner_flame, serial_shops, nicolae_shop_crystal,
          basic_altar, uniq_bai_suzhen, uniq_mara
Orc:1:    layout_caves, basic_altar
Orc:2:    st_orc_town, layout_diamond_mine, chequers_guarded_unrand_ignorance,
          uniq_saint_roka
Vaults:1: v_misc_25, hangedman_vaults_stitches, v_misc_2, vaults_room_door_hall,
          v_pattern_1, vaults_room_grunt_arrival_ludios,
          nicolae_vaults_little_ls, v_misc_4, ontoclasm_vaults_idyll,
          nicolae_vaults_hallways_thing, vaults_dpeg_diagonal,
          nicolae_vaults_asterisk, v_misc_14, layout_vaults_big_cross,
          serial_shops, shop
Vaults:2: hangedman_vaults_restitches, vaults_room_guarded_vault,
          nicolae_vaults_little_squares_3, v_alt_pattern_4,
          nicolae_vaults_ring_of_whatevers, ontoclasm_vaults_shuriken,
          nicolae_vaults_angled_halls, ontoclasm_vaults_fault,
          ontoclasm_vaults_loading_screen, minmay_crypt_entry_vampire_xt,
          ontoclasm_vaults_loading_screen, v_misc_1, layout_vaults_chaotic_city
Vaults:3: vaults_mumra_bighexcomb, vaults_mumra_chevron, v_misc_26,
          dpeg_vaults_monster_box, v_misc_29, vaults_mumra_hex, v_misc_30,
          nicolae_vaults_asterisk, vaults_dpeg_ring, v_misc_8,
          ontoclasm_vaults_twist, layout_vaults_maze_snakey, serial_shops,
          nicolae_shop_waterfront
Vaults:4: vaults_mumra_minichess, v_alt_pattern_2, nicolae_vaults_specimen_jars,
          v_misc_29, v_misc_2, v_misc_24, layout_vaults_quadrants, serial_shops,
          nicolae_shop_waterfront, shop_fountains, shop, shop,
          nicolae_shop_crystal, uniq_mennas

Skill      XL: |  1  2  3  4  5  6  7  8  9 10 11 12 13 14 15 16 17 18 19 20 21 |
---------------+----------------------------------------------------------------+-----
Short Blades   | 2 |  2.5
Unarmed Combat | 1 3 4 5 6 8 10 11 13 14 16 17 19 20 | 20.2
Armour         | 3 5 6 8 12 14 | 14.0
Evocations     | 1 5 7 10 12 13 14 | 14.0
Fighting       | 11 13 16 18 20 | 20.2
Dodging        | 2 4 8 |  8.0
Translocations | 5 9 12 | 12.8
Stealth        | 6 |  6.1
Shields        | |  2.6
Spellcasting   | |  0.9

Action                   |  1- 3 |  4- 6 |  7- 9 | 10-12 | 13-15 | 16-18 | 19-21 || total
-------------------------+-------+-------+-------+-------+-------+-------+-------++-------
Melee: Rapier            |    26 |       |       |       |       |       |       ||    26
       Unarmed           |   118 |    75 |   302 |   513 |  1200 |   953 |  1529 ||  4690
       Punch             |       |     1 |     7 |    17 |    81 |    95 |   183 ||   384
Throw: Dart              |     3 |     9 |    87 |    45 |    65 |    59 |    35 ||   303
       Stone             |     1 |       |       |       |       |       |       ||     1
       Boomerang         |       |       |       |    11 |       |       |       ||    11
       Javelin           |       |       |       |    33 |   135 |    15 |    77 ||   260
 Cast: Shroud of Golubri |       |       |       |       |       |       |     6 ||     6
       Lesser Beckoning  |       |       |       |       |       |       |    14 ||    14
Invok: Potion Petition   |     1 |       |       |       |       |     1 |       ||     2
       Call Merchant     |       |       |       |       |     5 |       |       ||     5
 Abil: Evoke Flight      |       |       |       |       |       |    18 |       ||    18
Evoke: Wand              |       |       |    17 |     2 |    44 |    22 |     7 ||    92
       Lightning rod     |       |       |       |       |    11 |    17 |    12 ||    40
       Phial of floods   |       |       |       |       |     2 |     6 |     2 ||    10
       Box of beasts     |       |       |       |       |       |     1 |     3 ||     4
       Tin of tremorston |       |       |       |       |       |       |    13 ||    13
  Use: Scroll            |     5 |     1 |     5 |    10 |    12 |    13 |    14 ||    60
       Potion            |     4 |     4 |     3 |     7 |     4 |     7 |     7 ||    36
 Stab: Sleeping          |     2 |       |       |       |     1 |       |     5 ||     8
       Invisible         |     1 |       |       |       |       |     3 |       ||     4
       Distracted        |       |     1 |       |     1 |    11 |     4 |    17 ||    34
       Paralysed         |       |       |       |       |     2 |       |       ||     2
       Fleeing           |       |       |       |       |       |     1 |       ||     1
  Eat: Ration            |     2 |     1 |     4 |     5 |    13 |    11 |    13 ||    49
       Chunk             |     1 |       |       |       |       |       |       ||     1
Armor: Scale mail        |    58 |       |       |       |       |       |       ||    58
       Chain mail        |       |    31 |   151 |   203 |   223 |       |       ||   608
       Skin              |       |       |    22 |       |       |       |       ||    22
       Pearl dragon scal |       |       |       |       |   213 |   363 |   410 ||   986
Dodge: Dodged            |    60 |    10 |    83 |   101 |   304 |   299 |   507 ||  1364
Block: Kite shield       |    14 |       |       |       |       |       |       ||    14
       Other             |       |       |    52 |    95 |   218 |   154 |   297 ||   816
